 Dungeon Crawl Stone Soup version 0.27-a0-972-gd1521fd518 (webtiles) character file.

Game seed: 17998111554348120397

345 Alarkh the Insei (level 6, 47/47 HPs)
             Began as a Demonspawn Transmuter on Apr 13, 2021.
             Got out of the dungeon alive.
             The game lasted 00:05:05 (3923 turns).

Alarkh the Insei (Demonspawn Transmuter)            Turns: 3923, Time: 00:05:05

Health: 47/47      AC:  5    Str: 10    XL:     6   Next: 32%
Magic:  10/10      EV: 12    Int: 17    God:
Gold:   76         SH:  0    Dex: 13    Spells: 3/11 levels left

rFire    . . .     SeeInvis .     - Unarmed
rCold    + . .     Faith    .   (no shield)
rNeg     + . .     Spirit   .   h - +2 animal skin
rPois    .         Reflect  .   i - +0 helmet
rElec    .         Harm     .   (no cloak)
rCorr    .         Rampage  .   (no gloves)
Will     .....                  (no boots)
Stlth    +.........             (no amulet)
HPRegen  0.15/turn              b - ring of positive energy
MPRegen  0.12/turn              e - ring of protection from cold

@: studying Crossbows
A: claws 2, powered by pain 1, demonic magic 1
a: no special abilities


You escaped.
You visited 1 branch of the dungeon, and saw 4 of its levels.

You collected 76 gold pieces.

Inventory:

Armour
 a - a +0 robe
 h - a +2 animal skin (worn)
 i - a +0 helmet (worn)
Jewellery
 b - a ring of positive energy (left claw)
 e - a ring of protection from cold (right claw)
 k - a ring of ice
Scrolls
 c - a scroll of blinking {unknown}
 d - a scroll of amnesia {unknown}
 l - 2 scrolls of identify {unknown}
 n - a scroll of enchant weapon {unknown}
 p - a scroll of vulnerability {unknown}
Potions
 f - 2 potions of degeneration {unknown}
 g - a potion of heal wounds {unknown}
 j - a potion of brilliance {unknown}
 m - a potion of berserk rage {unknown}
 o - a potion of might {unknown}
 q - 2 potions of curing {unknown}


   Skills:
 + Level 3.0 Fighting
 - Level 1.7 Dodging
 * Level 4.6 Unarmed Combat
 + Level 3.2 Spellcasting
 + Level 3.0 Transmutations


You had 3 spell levels left.
You knew the following spells:

 Your Spells              Type           Power      Damage    Failure   Level
a - Beastly Appendage     Tmut           26%        N/A       4%          1
b - Spider Form           Tmut/Pois      3%         N/A       26%         3
c - Ice Form              Ice/Tmut       7%         N/A       65%         4

Your spell library contained the following spells:

 Spells                   Type           Power      Damage    Failure   Level
 Wereblood                Tmut           13%        N/A       8%          2
 Hydra Form               Tmut           6%         N/A       80%         5


Dungeon Overview and Level Annotations

Branches:
Dungeon (4/15)
 Temple: D:4-7

Altars:
Hepliaklqana
Ru
Wu Jian
Yredelemnul

Shops:
D:1 [!(   D:2 [

Annotations:
D:3 2 transporters
D:4 1 runed translucent door, Pikel


Innate Abilities, Weirdness & Mutations

You have very sharp fingernails.
You sometimes gain a little power by taking damage.
Spells you cast may paralyse adjacent enemies.


Message History

A kobold comes into view. It is wielding a +0 short sword.
Things that are here:
a +0 dagger; a +0 robe The kobold shouts!
The kobold closely misses you.
You scratch the kobold but do no damage.
The kobold closely misses you.
You claw the kobold!
You kill the kobold!
No target in view!
No target in view!
No target in view!
No target in view!
No target in view!
No target in view!
No target in view!
No target in view!
No target in view!
No target in view!
(D) Dungeon
Where to? (Enter - D:1, ? - help)
There is a stone staircase leading up here.
You climb upwards.
Level annotation: 2 transporters
There is a stone staircase leading down, spattered with blood here.
Things that are here:
a +0 flail; an orc skeleton HP restored.
There is a stone staircase leading up here.
You climb upwards.
There is a stone staircase leading down here.
There is a stone staircase leading up here.
You climb upwards.
There is a stone staircase leading down here.
There is an entrance to Doxegas's Antique Weapon Shoppe here.
There is an escape hatch in the floor here.
HP restored.
There is a staircase leading out of the dungeon here.
Are you sure you want to leave the Dungeon?
This will make you lose the game!
You have escaped!

#.)......##.g........##.# #.
#..#####......#.....###.#####.
#..#########..#.....###.##....
#.............#####.....##....
#.#...g......############...#.
#.#.######..##..............#.
#.#.# #..#.....≈≈≈≈≈.....#.
#.#.# #..#....≈§≈≈≈§≈....#.
#.#.# #..#@...≈≈(>[≈≈......
#.#.# #####....≈≈≈≈§≈≈......
#.#.# #...#.....≈§≈≈§.....#.
#.#.# #.#.##.......§§.....#.
#.#.# #.#.#############...##
#.#g# #.#.###.....# ##....
#.#.# #.#.........# #...#
#.#.#####.#####.##### ###.#
#.#...g.....# #.# #g#


There were no monsters in sight!

Vanquished Creatures
  A necrophage (D:4)
  A lemure (D:3)
  A water moccasin skeleton (D:4)
  A hound (D:4)
  An orc priest (D:3)
  An orc wizard (D:4)
  Robin (D:1)
  An adder (D:3)
  A worm (D:2)
  2 dart slugs
  7 orcs
  7 ball pythons
  7 bats
  7 endoplasms
  4 giant cockroaches
  15 goblins
  11 hobgoblins
  2 jackals (D:2)
  2 quokkas
  A frilled lizard (D:2)
  9 kobolds
  4 rats
87 creatures vanquished.

Vanquished Creatures (others)
  16 plants (D:4)
16 creatures vanquished.

Grand Total: 103 creatures vanquished

Notes
Turn   | Place    | Note
-------+----------+-------------------------------------------
     0 | D:1      | Alarkh the Demonspawn Transmuter began the quest for the
                  | Orb.
     0 | D:1      | Reached XP level 1. HP: 15/15 MP: 3/3
   110 | D:1      | Found Lyraf's Distillery.
   211 | D:1      | Found Tifro's Armour Emporium.
   219 | D:1      | Gained mutation: You have sharp fingernails. [demonic
                  | ancestry]
   219 | D:1      | Reached XP level 2. HP: 11/21 MP: 3/5
   222 | D:1      | Reached skill level 3 in Unarmed Combat
   324 | D:1      | Found a faded altar of an unknown god.
   687 | D:1      | Reached XP level 3. HP: 18/26 MP: 6/6
   820 | D:1      | Found Doxegas's Antique Weapon Shoppe.
  1434 | D:2      | Found Zuiw's Armour Shoppe.
  1450 | D:2      | Noticed Robin
  1629 | D:2      | Found an ornate altar of the Wu Jian Council.
  1989 | D:1      | Killed Robin
  2173 | D:2      | Gained mutation: You have very sharp fingernails. [demonic
                  | ancestry]
  2173 | D:2      | Reached XP level 4. HP: 27/33 MP: 7/7
  2329 | D:2      | Learned a level 3 spell: Spider Form
  2334 | D:2      | Learned a level 4 spell: Ice Form
  2648 | D:3      | Found a hazy altar of Hepliaklqana.
  2652 | D:3      | Found a transporter.
  2877 | D:3      | Found a sacrificial altar of Ru.
  3006 | D:3      | Found a transporter.
  3264 | D:4      | Noticed a lemure
  3266 | D:4      | Noticed a lemure
  3266 | D:4      | Noticed a lemure
  3266 | D:4      | Noticed a lemure
  3266 | D:4      | Noticed Pikel
  3283 | D:3      | Killed a lemure
  3395 | D:3      | Gained mutation: You sometimes gain a little power by
                  | taking damage. [demonic ancestry]
  3395 | D:3      | Reached XP level 5. HP: 33/38 MP: 7/9
  3417 | D:4      | Reached skill level 4 in Unarmed Combat
  3750 | D:4      | Found a runed translucent door.
  3751 | D:4      | Noticed a human
  3752 | D:4      | Found a basalt altar of Yredelemnul.
  3760 | D:4      | Noticed a necrophage
  3776 | D:4      | Killed a necrophage
  3777 | D:4      | Gained mutation: Spells you cast may paralyse adjacent
                  | enemies. [demonic ancestry]
  3777 | D:4      | Reached XP level 6. HP: 29/47 MP: 10/10
  3923 | D:$      | Got out of the dungeon alive.

Illustrated notes

Levels and vault maps discovered:
D:1:      lemuel_arrival_lava_pool, layout_basic, basic_ecumenical_altar,
          serial_shops, nicolae_shop_crystal, shop, nicolae_shop_statue_plus
D:2:      layout_loops_cross, serial_shops, nicolae_shop_waterfront,
          basic_altar, minmay_tromino_v4_a, uniq_robin
D:3:      layout_loops_cross, gammafunk_temple_overflow_arena,
          nicolae_overflow_hidden_temple, uniq_crazy_yiuf_cottage
D:4:      layout_cave_pools, dk_yredelemnul_ordeal, lemuel_round_altar,
          nicolae_vehumet_altar_sigil, serial_bayou_lagoon_a, roderic_lattice_a,
          minmay_manual_mandibuliform, uniq_pikel, uniq_grinder

Skill      XL: |  1  2  3  4  5 |
---------------+----------------+-----
Unarmed Combat | 3 4 |  4.6
Transmutations | 2 3 |  3.0
Fighting       | 2 3 |  3.0
Spellcasting   | 3 |  3.2
Dodging        | |  1.7

Action                   |  1- 3 |  4- 6 || total
-------------------------+-------+-------++-------
Melee: Unarmed           |   129 |   121 ||   250
       Kick              |    23 |    20 ||    43
       Punch             |     1 |     1 ||     2
       Headbutt          |     8 |     8 ||    16
 Cast: Beastly Appendage |    26 |    24 ||    50
 Stab: Sleeping          |     1 |     2 ||     3
Armor: Robe              |    33 |       ||    33
       Animal skin       |     5 |    22 ||    27
Dodge: Dodged            |    79 |    63 ||   142

Table legend: (Time is in decaauts)
 A = Elapsed time spent in this place.
 B = Non-inter-level travel time spent in this place.
 C = Inter-level travel time spent in this place.
 D = Time resting spent in this place.
 E = Time spent auto-exploring this place.
 F = Levels seen in this place.
 G = Mean time per level.
                   A        B        C        D        E       F      G
               +--------+--------+--------+--------+--------+-----+--------+
         Total |   3913 |   3536 |    377 |    233 |   2512 |   4 |  978.2 |
       Dungeon |   3913 |   3536 |    377 |    233 |   2512 |   4 |  978.2 |
               +--------+--------+--------+--------+--------+-----+--------+

Top non-repeatable levels by time:
     D:1: 1818 daAuts
     D:2: 850 daAuts
     D:3: 826 daAuts
     D:4: 417 daAuts
